 Dungeon Crawl Stone Soup version 0.30.1-11-g7821555f0a (webtiles) character file.

Game seed: 11795795220866129816

309 Ijustatesigmund the Shield-Bearer (level 6, -2/39 HPs)
             Began as a Gargoyle Fighter on Nov 2, 2023.
             Slain by an ogre
             ... wielding a +0 giant club
              (26 damage)
             ... on level 4 of the Dungeon.
             The game lasted 00:03:57 (2628 turns).

Ijustatesigmund the Shield-Bearer (GrFi)            Turns: 2628, Time: 00:03:58

Health: -2/39      AC: 12    Str: 19    XL:     6   Next: 41%
Magic:  6/6        EV:  9    Int: 11    God:
Gold:   119        SH:  4    Dex:  9    Spells: 4/5 levels left

rFire   . . .        a - +0 flail
rCold   . . .        c - +0 buckler
rNeg    + . .        b - +0 scale mail
rPois   ∞            (no helmet)
rElec   +            i - +0 cloak
rCorr   .            (no gloves)
SInv    .            (no boots)
Will    .....        (no amulet) Stlth
                     (no ring)
HPRegen 0.26/turn    (no ring)
MPRegen 0.10/turn

%: no passive effects
@: no status effects
A: sickness immunity, AC +4, negative energy resistance 1, electricity
resistance, torment resistance 1, petrification resistance
a: no special abilities


You were on level 4 of the Dungeon.
You visited 1 branch of the dungeon, and saw 4 of its levels.

You collected 119 gold pieces.

Inventory:

Hand Weapons
 a - a +0 flail (weapon)
Missiles
 j - a throwing net (quivered)
Armour
 b - a +0 scale mail (worn)
 c - a +0 buckler (worn)
 i - a +0 cloak (worn)
Jewellery
 d - a ring of magical power
Scrolls
 e - 2 scrolls of magic mapping {unknown}
 g - a scroll of blinking {unknown}
 k - 2 scrolls of identify {unknown}
 l - a scroll of poison {unknown}
 m - 2 scrolls of teleportation {unknown}
 p - a scroll of enchant weapon {unknown}
Potions
 f - 2 potions of haste {unknown}
 h - 2 potions of curing {unknown}
 n - a potion of lignification {unknown}
 o - a potion of might


   Skills:
 + Level 4.7 Fighting
 + Level 3.6 Maces & Flails
 - Level 4.7 Armour
 - Level 4.7 Shields
 + Level 0.0 Earth Magic


You had 4 spell levels left.
You knew the following spells:

 Your Spells              Type           Power      Damage    Failure   Level
a - Sandblast             Erth           0%         2d4       77%         1

Your spell library contained the following spells:

 Spells                   Type           Power      Damage    Failure   Level
 Passwall                 Tmut/Erth      0%         N/A       88%         2
 Stone Arrow              Conj/Erth      0%         3d7       98%         3


Dungeon Overview and Level Annotations

Branches:
Dungeon (4/15)
 Temple: D:4-7

Altars:
Ashenzari
Cheibriados

Shops:
D:3 *


Innate Abilities, Weirdness & Mutations

You are immune to sickness and miasma.
Your stone body is resilient. (AC +4)
You are immune to poison.
You resist negative energy. (rN+)
You are resistant to electric shocks. (rElec)
You are resistant to unholy torment.
You are immune to petrification.


Message History

No target in view!
No target in view!
No target in view!
No target in view!
No target in view!
No target in view!
You now have 105 gold pieces (gained 15).
You pick up a book of Geomancy and begin reading...
You add the spells Sandblast, Passwall and Stone Arrow to your library.
Okay, then.
Memorise Sandblast, consuming 1 spell level and leaving 4?
You start memorising the spell.
You continue memorising.
You finish memorising.
Spell assigned to 'a'.
As you open the door, it creaks loudly!
There is an open door here.
Found a stone staircase leading down.
You now have 119 gold pieces (gained 14).
Found a spear.
An ogre comes into view. It is wielding a +0 giant club.
The ogre shouts!
You sock the ogre!
The ogre is heavily wounded.
The ogre barely misses you.
You barely miss the ogre.
The ogre is heavily wounded.
The ogre hits you with a +0 giant club!
A hobgoblin comes into view.
You barely miss the ogre.
The ogre is moderately wounded.
The ogre barely misses you.
You barely miss the ogre.
The ogre is moderately wounded.
The ogre hits you with a +0 giant club!
You sock the ogre!
The ogre is severely wounded.
You hit the ogre but do no damage.
The ogre is severely wounded.
The ogre hits you with a +0 giant club!!
Ouch! That really hurt!
You die...

#####+#####.....###
..................#
..................# .
..................# ..
..................# ..
.####....###....# .#
.####....###....###..#
.................g...#
................@O...#
.....................#
.....>...............#
..................$..#
...................$.#
.....................#
##.##..##+####..###..#
#..# ..# .... ..


You could see an ogre and a hobgoblin.

Vanquished Creatures
  Sigmund (D:2)
  Jessica (D:2)
  4 gnolls (D:3)
  3 adders (D:2)
  A worm (D:2)
  A dart slug (D:2)
  2 orcs
  12 endoplasms
  3 giant cockroaches
  5 goblins
  2 jackals (D:3)
  6 kobolds
  3 quokkas
  3 ball pythons (D:2)
  5 bats
  7 frilled lizards
  5 rats
64 creatures vanquished.

Notes
Turn   | Place    | Note
-------+----------+-------------------------------------------
     0 | D:1      | Ijustatesigmund the Gargoyle Fighter began the quest for
                  | the Orb.
     0 | D:1      | Reached XP level 1. HP: 14/14 MP: 1/1
   204 | D:1      | Reached XP level 2. HP: 19/19 MP: 2/2
   901 | D:2      | Reached XP level 3. HP: 19/23 MP: 3/3
  1144 | D:2      | Reached XP level 4. HP: 26/29 MP: 4/4
  1226 | D:2      | Noticed Jessica
  1234 | D:2      | Killed Jessica
  1256 | D:2      | Noticed Sigmund
  1271 | D:2      | Killed Sigmund
  1272 | D:2      | Reached XP level 5. HP: 20/34 MP: 5/5
  1272 | D:2      | Reached XP level 6. HP: 22/39 MP: 6/6
  1752 | D:3      | Found Loabir's General Store.
  2044 | D:3      | Found a broken altar of Ashenzari.
  2044 | D:3      | Found a snail-covered altar of Cheibriados.
  2589 | D:4      | Learned a level 1 spell: Sandblast
  2628 | D:4      | Slain by an ogre

Illustrated notes

Levels and vault maps discovered:
D:1:      amcnicky_arrival_wind_blow, layout_loops_ring, columned_hall_lemuel
D:2:      layout_basic, uniq_sigmund, uniq_jessica
D:3:      layout_basic, gammafunk_temple_overflow_elements, serial_shops, shop
D:4:      layout_gridville, minmay_temple_entry_trees

Skill      XL: |  1  2  3  4 |
---------------+-------------+-----
Fighting       | 4 |  4.7
Armour         | 4 |  4.7
Shields        | 4 |  4.7
Maces & Flails | 3 |  3.6

Action                     |  1- 3 |  4- 6 || total
---------------------------+-------+-------++-------
  Melee: Flail             |   139 |   123 ||   262
    Use: Potion            |       |     1 ||     1
 Armour: Scale mail        |    87 |    61 ||   148
  Dodge: Dodged            |    93 |    56 ||   149
  Block: Buckler           |    47 |    31 ||    78
